 Dungeon Crawl Stone Soup version 0.18-a0-1539-g1c7284a (webtiles) character file.

100048 M4edhros the Covert (level 16, 0/115 HPs)
             Began as an Octopode Artificer on Mar 9, 2016.
             Was a High Priest of Fedhas.
             Slain by a skeletal warrior
             ... wielding a +0 trident
              (28 damage)
             ... on level 14 of the Dungeon.
             The game lasted 01:25:38 (32810 turns).

M4edhros the Covert (Octopode Artificer)           Turns: 32810, Time: 01:25:40

Health: 0/115      AC:  5    Str: 16    XL:     16   Next: 26%
Magic:  27/27      EV: 24    Int: 14    God:    Fedhas [*****.]
Gold:   1816       SH: 15    Dex: 20    Spells: 4 memorised, 13 levels left

rFire  + . .     SeeInvis +     e - +9 hunting sling
rCold  + + .     Gourm    +     p - +2 shield
rNeg   . . .     Faith    .     (helmet restricted)
rPois  +         Spirit   .     s - amulet of the gourmand
rElec  .         Dismiss  .     a - ring of poison resistance
rCorr  .         Reflect  .     O - ring of see invisible
SustAt .         Harm     .     G - +3 ring of dexterity
MR     +....     Clarity  +     Q - ring of protection from fire
Stlth  ++++++++..               D - ring of protection from cold
                                d - +3 ring of evasion
                                B - +5 ring of strength
                                (no ring)

@: somewhat resistant to hostile enchantments, extraordinarily stealthy
A: almost no armour, amphibious, 8 rings, constrict 8, fangs 1, tentacle spike
1, thin metallic scales 1, yellow scales 1, camouflage 1, berserk 1, clarity,
clumsy 1, cold resistance 1, robust 1, screaming 1, wild magic 1, gelatinous
body 1, evolution 1
a: Evolution, Sunlight, Growth, Reproduction, Rain, Renounce Religion


You were on level 14 of the Dungeon.
You worshipped Fedhas.
Fedhas was extremely pleased with you.
You were very hungry.

You visited 3 branches of the dungeon, and saw 24 of its levels.
You also visited: Ice Cave.

You collected 3086 gold pieces.
You spent 1270 gold pieces at shops.

Inventory:

Hand Weapons
 e - a +9 hunting sling (weapon)
 r - a +1 flail of protection
 J - a +0 blowgun
 R - the +6 scimitar "Wim Viel" {flame, rElec rN+}
   (You found it on level 12 of the Dungeon)

   It has been specially enchanted to burn those struck by it, causing extra
   injury to most foes and up to half again as much damage against particularly
   susceptible opponents.
   Big, fiery blades are also staple armaments of hydra-hunters.
   It insulates you from electricity.
   It protects you from negative energy.
Missiles
 g - 105 sling bullets (quivered)
 h - 166 stones
 y - 33 poisoned sling bullets
 F - 9 curare-tipped needles
Armour
 p - a +2 shield (worn)
Rods
 V - a +2 lightning rod (13/13)
   (You bought it in a shop on level 2 of the Orcish Mines)
Jewellery
 a - a ring of poison resistance (left tentacle)
 d - a +3 ring of evasion (on tentacle)
 j - an uncursed ring of protection from fire
 s - an amulet of the gourmand (around mantle)
 B - a +5 ring of strength (on tentacle)
 D - a ring of protection from cold (on tentacle)
 G - a +3 ring of dexterity (on tentacle)
 O - a ring of see invisible (right tentacle)
 Q - a ring of protection from fire (on tentacle)
 X - an uncursed ring of fire
Wands
 c - a wand of enslavement (2/24)
 u - a wand of teleportation (0/9)
 z - a wand of enslavement (9/24)
 I - a wand of heal wounds (9/9)
 S - a wand of iceblast (4/15)
 U - a wand of paralysis (0/24)
Scrolls
 b - a scroll of remove curse
 k - 4 scrolls of fear
 n - 7 scrolls of teleportation
 q - 3 scrolls of fog
 v - a scroll of summoning
 w - 6 scrolls of magic mapping
 x - a scroll of blinking
Potions
 l - 5 potions of might
 m - 6 potions of berserk rage
 o - 2 potions of heal wounds
 t - 2 potions of agility
 E - 6 potions of curing
 K - a potion of haste
 L - a potion of magic
 T - 7 potions of lignification
 Y - 2 potions of cancellation
 Z - 3 potions of invisibility
Books
 H - a book of Enchantments

   Spells                             Type                      Level
   a - Cause Fear                     Hexes                        4
   b - Yara's Violent Unravelling     Hexes/Transmutation          5
   c - Silence                        Hexes/Air                    5
   d - Deflect Missiles               Charms/Air                   6
   e - Haste                          Charms                       6
   f - Discord                        Hexes                        8
Miscellaneous
 i - a lamp of fire (inert)
 C - a sack of spiders {used: 1}
Comestibles
 f - 14 bread rations
 A - 11 fruits
 M - a royal jelly


   Skills:
 - Level 8.1 Fighting
   Level 1.0 Short Blades
 - Level 12.4 Slings
 - Level 10.7 Dodging
 - Level 13.5 Stealth
 * Level 13.0 Shields
 - Level 2.1 Unarmed Combat
 - Level 7.4 Spellcasting
 - Level 7.9 Charms
 - Level 9.3 Invocations
 * Level 7.8 Evocations


You had 13 spell levels left.
You knew the following spells:

 Your Spells              Type           Power        Failure   Level  Hunger
a - Song of Slaying       Chrm           #####...     4%          2    None
b - Swiftness             Chrm/Air       ###.....     16%         2    None
c - Haste                 Chrm           #####...     97%         6    #######
d - Deflect Missiles      Chrm/Air       ###.......   100%        6    #######


Dungeon Overview and Level Annotations

Branches:
Dungeon (14/15)            Temple (0/1) D:5            Lair (8/8) D:10
  Swamp (0/4) Lair:3        Snake (0/4) Lair:6        Slime (0/6) Lair:8
    Orc (2/2) D:12            Elf (0/3) Orc:2        Vaults (0/5) D:13

Altars:
Ashenzari
Dithmenos
Elyvilon
Fedhas
Gozag
Makhleb
Okawaru
Qazlal
Sif Muna
Trog
Vehumet
Xom
Zin
The Shining One
Beogh

Shops:
D:3 *   D:4 ?   D:5 !   D:8 ?   D:12 (   D:13 !   Orc:2 }*[*[

Portals:
Trove: D:10 (give 15 scrolls of teleportation)

Annotations:
D:9 M4edhros's ghost, journeyman DsCK


Innate Abilities, Weirdness & Mutations

You cannot wear most types of armour.
You are amphibious.
You can wear up to eight rings at the same time.
You can use your tentacles to constrict eight enemies at once.
Your skin changes colour to match your surroundings (Stealth).
Your rubbery body absorbs attacks (AC +1).
You have very sharp teeth.
One of your tentacles bears a spike.
You are partially covered in thin metallic scales (AC +2).
You are partially covered in yellow scales (AC +2).
You tend to lose your temper in combat.
You possess an exceptional clarity of mind.
You are clumsy. (Dex -2)
Your flesh is cold resistant.
You are robust (+10% HP).
You occasionally shout uncontrollably at your foes.
Your spells are a little harder to cast, but a little more powerful.
You evolve.


Message History

Your wandering mushroom barely misses the skeletal warrior.
Firing (i - inventory. (,) - cycle):
g - 107 sling bullets (quivered)
Press: ? - help, Shift-Dir - straight line, f/p - skeletal warrior
Aim: a skeletal warrior, wielding a trident You shoot a sling bullet.
Fedhas protects your plant from harm.
The sling bullet barely misses the skeletal warrior.
The skeletal warrior barely misses you.
Your wandering mushroom releases spores at the skeletal warrior!
Firing (i - inventory. (,) - cycle):
g - 106 sling bullets (quivered)
Press: ? - help, Shift-Dir - straight line, f/p - skeletal warrior
Aim: a skeletal warrior, wielding a trident (lightly damaged)
You shoot a sling bullet. Fedhas protects your plant from harm.
The sling bullet hits the skeletal warrior.
The skeletal warrior is moderately damaged.
Your wandering mushroom releases spores at the skeletal warrior. x2
The skeletal warrior hits you from afar with a trident!!
You die...
Fedhas appreciates your contribution to the ecosystem.

...###....# ######(#
#.#.#...#.# #.(รท...#
#.##.#.##.#####.######
#.##.#..#.......#
#.##(##.#########
#(##)##.# #(#)).#.#
#..#((f.#.#
#.#P#zf@#.#
...#(#####.# #.# #(
#.# #. #( #.# # #( (.
..


You could see a skeletal warrior and 2 friendly wandering mushrooms.

Vanquished Creatures
  A frost giant (IceCv)
  A stone giant (Orc:2)
  Nessos (D:14)
  2 vault guards (D:13)
  5 hydras
  2 centaur warriors
  Erica (D:8)
  A death knight (D:14)
  9 death yaks
  2 ogre magi (Orc:2)
  A tengu warrior (D:12)
  3 skeletal warriors
  2 deep trolls (Orc:2)
  3 unseen horrors
  4 necromancers
  4 hill giants
  A phantasmal warrior (D:14)
  Pikel (D:7)
  2 orc knights
  A deep elf mage (D:13)
  An orc sorcerer (Orc:1)
  A griffon (Lair:7)
  An ugly thing (D:12)
  A manticore (D:11)
  3 cyclopes
  7 elephants
  2 wandering mushrooms
  Maurice (D:8)
  Joseph (D:8)
  4 black mambas
  An ice statue (IceCv)
  7 spiny frogs
  2 gargoyles
  2 freezing wraiths
  4 komodo dragons
  A yaktaur (D:12)
  A spriggan druid (Lair:8)
  12 trolls
  21 polar bears
  6 two-headed ogres (Orc:2)
  7 slime creatures
  15 blink frogs
  7 spriggans
  A shadow (D:12)
  6 redbacks (Lair:8)
  A vampire (D:14)
  30 yaks
  3 wyverns
  12 humans (D:13)
  5 wraiths
  A golden eye (shapeshifter) (D:13)
  5 basilisks
  5 hogs (Lair:8)
  3 hungry ghosts
  7 hippogriffs
  29 wolves
  3 wargs
  Edmund (D:5)
  2 nagas (Lair:6)
  10 water moccasins
  9 porcupines
  5 sky beasts
  9 orc warriors
  7 ice beasts
  2 wasps
  7 black bears
  8 centaurs
  21 ogres
  2 phantoms
  15 crocodiles
  8 big kobolds
  13 giant frogs
  3 scorpions
  A water moccasin skeleton (D:8)
  3 killer bees
  8 wights
  An electric eel (Lair:1)
  8 crimson imps
  5 jellies
  A quasit (D:11)
  2 hounds
  A gnoll shaman (D:8)
  6 orc priests
  11 orc wizards
  5 giant frog skeletons
  10 iguanas
  6 worker ants
  2 yak simulacra (Lair:8)
  A polar bear simulacrum (Lair:8)
  18 sheep
  4 wolf simulacra (Lair:8)
  2 hound zombies
  3 hound skeletons
  10 gnolls
  9 adders
  51 river rats
  3 shadow imps
  2 adder skeletons
  3 worms
  A dart slug (D:5)
  6 giant geckos
  38 orcs
  10 bats
  5 giant cockroaches
  5 hobgoblins
  12 jackals
  24 kobolds
  3 quokkas
  2 ball pythons
  A giant cockroach zombie (D:5)
  A giant gecko skeleton (D:6)
  3 giant newts
  7 goblins
  2 quokka skeletons
  7 rats
  4 river rat simulacra (Lair:8)
  6 ballistomycetes (Orc:2)
  A fungus (Lair:8)
  10 giant spores
712 creatures vanquished.

Vanquished Creatures (collateral kills)
  Kirke (Lair:8)
  Maud (Lair:6)
  The ghost of Snupthedog the Destroyer, a journeyman DrCj of Vehumet (D:12)
  A vault guard (D:13)
  The ghost of Galewind the Eclecticist, a journeyman DECj of Vehumet (Lair:5)
  Josephine (Lair:6)
  6 hydras
  2 death knights
  4 death yaks
  2 skeletal warriors (D:14)
  2 griffons
  An ugly thing (D:11)
  5 elephants
  Psyche (D:8)
  5 black mambas
  4 spiny frogs
  A rime drake (Lair:5)
  4 komodo dragons
  A centaur skeleton (D:11)
  A yaktaur (D:13)
  A troll (D:12)
  A spriggan druid (Lair:8)
  A polar bear (IceCv)
  A blink frog (Lair:5)
  2 slime creatures (D:12)
  A redback (Lair:8)
  A wraith (Lair:6)
  3 spriggans (Lair:8)
  A basilisk (Lair:3)
  6 humans (D:13)
  8 yaks
  Grum (D:9)
  4 hippogriffs
  5 wolves
  An electric eel (Lair:1)
  Duvessa (D:5)
  9 water moccasins
  2 orc warriors
  4 porcupines
  3 sky beasts
  5 ice beasts
  A wasp (Lair:8)
  A black bear (D:6)
  An eye of draining (D:12)
  6 ogres
  A centaur (D:6)
  A crocodile (Lair:2)
  6 big kobolds (D:9)
  Dowan (D:5)
  A killer bee (D:8)
  5 wights
  A crimson imp (D:9)
  A jelly (D:5)
  An orc priest (D:5)
  Crazy Yiuf (D:6)
  2 iguanas
  2 orc wizards
  A worker ant (D:9)
  3 sheep (Lair:4)
  A hound skeleton (D:9)
  An adder (D:7)
  5 gnolls
  3 river rats
  14 orcs
  A quokka (D:4)
  A giant gecko skeleton (D:4)
  A giant newt (D:4)
  2 kobolds
  3 giant spores
  A hyperactive ballistomycete (Orc:2)
175 creatures vanquished.

Vanquished Creatures (others)
  2 death yaks (IceCv)
  3 oklob plants
  4 polar bears
  A hornet zombie (D:14)
  A shadow (D:11)
  5 yaks
  2 humans (Lair:8)
  3 slaves (D:7)
  11 wolves (IceCv)
  An orc warrior (Orc:2)
  An ice beast (D:7)
  An ogre (Orc:2)
  A wight (D:7)
  A crimson imp (D:7)
  51 wandering mushrooms
  An orc priest (Orc:2)
  2 orc wizards
  6 river rats (Lair:8)
  A giant gecko (D:7)
  2 orcs
  A hobgoblin (D:1)
  A giant newt (D:1)
  15 ballistomycetes
  A bush (Lair:5)
  2 fulminant prisms (D:12)
  92 fungi
  11 giant spores
  A hyperactive ballistomycete (Orc:2)
  52 plants
  786 toadstools
1062 creatures vanquished.

Grand Total: 1949 creatures vanquished

Notes
Turn   | Place    | Note
--------------------------------------------------------------
     0 | D:1      | M4edhros the Octopode Artificer began the quest for the Orb.
     0 | D:1      | Reached XP level 1. HP: 13/13 MP: 3/3
   553 | D:2      | Reached XP level 2. HP: 9/18 MP: 4/4
   722 | D:2      | Found a bloodstained altar of Trog.
  1149 | D:3      | Reached XP level 3. HP: 2/23 MP: 5/5
  1210 | D:3      | Found Zin's Purification Station.
  1213 | D:3      | Found a glowing silver altar of Zin.
  1330 | D:3      | Found a glowing drain.
  1400 | D:3      | Found a stormy altar of Qazlal.
  1406 | D:3      | Found a blossoming altar of Fedhas.
  1423 | D:3      | Became a worshipper of Fedhas Madash
  1456 | D:3      | Reached skill level 5 in Stealth
  1508 | D:3      | Reached XP level 4. HP: 17/28 MP: 6/6
  1917 | D:1      | Reached * piety under Fedhas
  2608 | D:2      | Gained mutation: You are clumsy. (Dex -2) [potion of mutation]
  2608 | D:2      | Gained mutation: You are partially covered in iridescent scales (AC +4). [potion of mutation]
  2608 | D:2      | Gained mutation: You are partially covered in rugged brown scales (AC +1, +3% HP). [potion of mutation]
  2622 | D:2      | Gained mutation: You regenerate slowly when monsters are visible. [potion of mutation]
  2622 | D:2      | Gained mutation: You are weak. (Str -2) [potion of mutation]
  2623 | D:2      | Lost mutation: You are weak. (Str -2) [potion of cure mutation]
  2623 | D:2      | Lost mutation: You are clumsy. (Dex -2) [potion of cure mutation]
  2623 | D:2      | Lost mutation: You are partially covered in rugged brown scales (AC +1, +3% HP). [potion of cure mutation]
  2623 | D:2      | Lost mutation: You are partially covered in iridescent scales (AC +4). [potion of cure mutation]
  2811 | D:2      | Reached XP level 5. HP: 33/33 MP: 7/7
  2992 | D:3      | Found a radiant altar of Vehumet.
  3134 | D:3      | Reached skill level 1 in Invocations
  3714 | D:4      | Noticed an ogre
  3722 | D:4      | Killed an ogre
  3735 | D:4      | Reached XP level 6. HP: 14/38 MP: 6/8
  3911 | D:4      | Found Huisood's Magic Scroll Emporium.
  3922 | D:4      | Bought a scroll of identify for 22 gold pieces
  4165 | D:4      | Found a white marble altar of Elyvilon.
  4172 | D:4      | Reached skill level 1 in Slings
  4210 | D:4      | Found a bloodstained altar of Trog.
  4266 | D:5      | Entered Level 5 of the Dungeon
  4279 | D:5      | Noticed a sky beast
  4446 | D:5      | Killed a sky beast
  4536 | D:5      | Found a staircase to the Ecumenical Temple.
  4574 | D:5      | Reached ** piety under Fedhas
  4586 | D:5      | Noticed Dowan
  4590 | D:5      | Reached XP level 7. HP: 13/43 MP: 9/9
  4600 | D:5      | Killed Dowan
  4611 | D:5      | Noticed Duvessa
  4613 | D:5      | Killed Duvessa
  4848 | D:5      | Found a deep blue altar of Sif Muna.
  4860 | D:5      | Found Rinid's Distillery.
  4938 | D:5      | Found an iron altar of Okawaru.
  4952 | D:5      | Bought a potion of mutation for 37 gold pieces
  4952 | D:5      | Bought a potion of heal wounds for 75 gold pieces
  4952 | D:5      | Gained mutation: Your spells are a little easier to cast, but a little less powerful. [potion of mutation]
  4952 | D:5      | Gained mutation: You expend magic power (3 MP) to strengthen your wands. [potion of mutation]
  4952 | D:5      | Gained mutation: You occasionally shout uncontrollably at your foes. [potion of mutation]
  4989 | D:5      | Found a shadowy altar of Dithmenos.
  5064 | D:5      | Noticed Edmund
  5081 | D:5      | Killed Edmund
  5209 | D:5      | Reached XP level 8. HP: 40/48 MP: 11/11
  5214 | D:5      | Lost mutation: You regenerate slowly when monsters are visible. [mutagenic meat]
  5215 | D:5      | Gained mutation: You tend to lose your temper in combat. [mutagenic meat]
  5216 | D:5      | Lost mutation: You expend magic power (3 MP) to strengthen your wands. [mutagenic meat]
  5446 | D:5      | Found a glowing golden altar of the Shining One.
  5772 | D:6      | Reached skill level 5 in Slings
  5845 | D:6      | Reached skill level 5 in Invocations
  6146 | D:6      | Found an opulent altar of Gozag.
  6163 | D:6      | Noticed Crazy Yiuf
  6169 | D:6      | Killed Crazy Yiuf
  6737 | D:7      | Reached skill level 10 in Stealth
  6752 | D:7      | Reached XP level 9. HP: 46/53 MP: 13/13
  6811 | D:7      | Noticed Pikel
  6912 | D:7      | Reached *** piety under Fedhas
  6952 | D:7      | Gained mutation: You are somewhat resistant to further mutation. [mutagenic meat]
  6954 | D:7      | Gained mutation: You have very sharp teeth. [mutagenic meat]
  6969 | D:7      | Killed Pikel
  7733 | D:8      | Noticed Maurice
  7739 | D:8      | Killed Maurice
  7739 | D:8      | Reached XP level 10. HP: 58/58 MP: 15/15
  7873 | D:8      | Noticed Psyche
  7880 | D:8      | Killed Psyche
  7916 | D:8      | Found Woihef's Magic Scroll Shoppe.
  8118 | D:8      | Lost mutation: You are somewhat resistant to further mutation. [potion of cure mutation]
  8123 | D:8      | Noticed Joseph
  8143 | D:8      | Killed Joseph
  8368 | D:8      | Noticed Erica
  8380 | D:8      | Killed Erica
  8380 | D:8      | Reached skill level 10 in Slings
  8387 | D:8      | Reached **** piety under Fedhas
  8608 | D:8      | Found a shadowy altar of Dithmenos.
  8853 | D:9      | Reached ***** piety under Fedhas
  8861 | D:9      | Lost mutation: Your spells are a little easier to cast, but a little less powerful. [potion of mutation]
  8861 | D:9      | Gained mutation: You are robust (+10% HP). [potion of mutation]
  8861 | D:9      | Gained mutation: You are clumsy. (Dex -2) [potion of mutation]
  8981 | D:9      | Found a burning altar of Makhleb.
  8982 | D:9      | Found a shimmering altar of Xom.
  9033 | D:9      | Gained mutation: One of your tentacles bears a spike. [mutagenic meat]
  9059 | D:9      | Noticed M4edhros's ghost (journeyman DsCK)
  9271 | D:9      | Reached XP level 11. HP: 69/69 MP: 17/17
  9403 | D:9      | Noticed Grum
  9414 | D:9      | Killed Grum
  9766 | D:10     | Entered Level 10 of the Dungeon
  9772 | D:10     | Found a staircase to the Lair.
  9772 | D:10     | Noticed an oklob plant
  9819 | D:10     | You fall through a shaft!
  9893 | D:10     | Noticed a hill giant
  9909 | D:10     | Killed a hill giant
  9909 | D:10     | Reached skill level 1 in Shields
 10070 | D:10     | Noticed an unseen horror
 10085 | D:10     | Killed an unseen horror
 10107 | D:10     | Found a shimmering altar of Xom.
 10472 | D:10     | Found a portal to a secret trove of treasure.
 10647 | Lair:1   | Entered Level 1 of the Lair of Beasts
 10761 | Lair:1   | Noticed a seven-headed hydra
 11517 | Lair:1   | Killed a seven-headed hydra
 11992 | Lair:2   | Noticed an eight-headed hydra
 12147 | Lair:2   | Killed an eight-headed hydra
 12264 | Lair:2   | Reached XP level 12. HP: 35/79 MP: 19/19
 13478 | Lair:3   | Gained mutation: Your flesh is cold resistant. [potion of mutation]
 13478 | Lair:3   | Gained mutation: You evolve. [potion of mutation]
 13856 | Lair:3   | Found a staircase to the Swamp.
 13956 | Lair:3   | Gained mutation: Your spells are a little harder to cast, but a little more powerful. [evolution]
 14295 | Lair:4   | Reached skill level 5 in Dodging
 14557 | Lair:4   | Noticed a five-headed hydra
 14568 | Lair:4   | Killed a five-headed hydra
 14568 | Lair:4   | Reached skill level 5 in Evocations
 15279 | Lair:4   | Learned a level 2 spell: Song of Slaying
 15750 | Lair:5   | Noticed Galewind's ghost (journeyman DECj)
 16345 | Lair:5   | Killed Galewind's ghost
 16345 | Lair:5   | Reached skill level 5 in Shields
 16473 | Lair:5   | Noticed a death yak
 16477 | Lair:5   | Noticed a death yak
 16482 | Lair:5   | Noticed a death yak
 16742 | Lair:5   | Noticed an eight-headed hydra
 16755 | Lair:5   | Killed an eight-headed hydra
 16755 | Lair:5   | Reached skill level 1 in Charms
 17182 | Lair:4   | Noticed a death yak
 17182 | Lair:4   | Noticed a death yak
 17182 | Lair:4   | Noticed a death yak
 17182 | Lair:4   | Noticed a death yak
 17184 | Lair:4   | Noticed a death yak
 17188 | Lair:4   | Noticed a death yak
 17201 | Lair:4   | Killed a death yak
 17201 | Lair:4   | Reached skill level 1 in Spellcasting
 17201 | Lair:4   | Reached XP level 13. HP: 76/89 MP: 20/20
 17203 | Lair:4   | Reached skill level 5 in Fighting
 17799 | Lair:4   | Gained mutation: You are partially covered in yellow scales (AC +2). [evolution]
 19265 | Lair:6   | Found a staircase to the Snake Pit.
 19362 | Lair:6   | Noticed Maud
 19379 | Lair:6   | Killed Maud
 19426 | Lair:6   | Noticed Josephine
 19443 | Lair:6   | Killed Josephine
 20506 | Lair:7   | Gained mutation: You possess an exceptional clarity of mind. [potion of mutation]
 20506 | Lair:7   | Gained mutation: Your body sometimes deteriorates upon taking damage. [potion of mutation]
 21135 | Lair:8   | Entered Level 8 of the Lair of Beasts
 21324 | Lair:8   | Reached XP level 14. HP: 99/99 MP: 18/21
 21767 | Lair:8   | Noticed Kirke
 22027 | Lair:8   | Reached skill level 5 in Charms
 22860 | Lair:8   | Reached skill level 5 in Spellcasting
 22935 | Lair:8   | Found a staircase to the Slime Pits.
 23141 | Lair:8   | Lost mutation: Your body sometimes deteriorates upon taking damage. [evolution]
 23353 | Lair:8   | Killed Kirke
 23353 | Lair:8   | Reached skill level 10 in Shields
 25905 | D:11     | Gained mutation: Potions and wands are less effective at restoring your health. [mutagenic meat]
 26028 | D:11     | Reached ****** piety under Fedhas
 26245 | D:11     | Learned a level 2 spell: Swiftness
 26648 | D:12     | Noticed Snupthedog's ghost (journeyman DrCj)
 26674 | D:12     | Killed Snupthedog's ghost
 26693 | D:12     | Reached XP level 15. HP: 14/108 MP: 23/23
 26819 | D:12     | Found Zuigal's Weapon Shop.
 26819 | D:12     | Found a staircase to the Orcish Mines.
 26847 | D:12     | Found Sidghidun's Armour Shop.
 27684 | D:12     | Got an iridescent scimitar
 27685 | D:12     | Identified the +6 scimitar "Wim Viel" {flame, rElec rN+} (You found it on level 12 of the Dungeon)
 27989 | Orc:1    | Entered Level 1 of the Orcish Mines
 28052 | Orc:1    | Found a roughly hewn altar of Beogh.
 28355 | Orc:2    | Entered Level 2 of the Orcish Mines
 28355 | Orc:2    | Found a roughly hewn altar of Beogh.
 28472 | Orc:2    | Found a frozen archway.
 28550 | IceCv    | Entered an ice cave
 28962 | IceCv    | Reached skill level 10 in Dodging
 29658 | IceCv    | Noticed a frost giant
 29683 | IceCv    | Killed a frost giant
 29930 | IceCv    | Got a faintly humming troll leather armour
 30056 | Orc:2    | Found Heumumas's Armour Emporium.
 30256 | Orc:2    | Found Ganoemn's Armour Emporium.
 30280 | Orc:2    | Found Busaet's General Store.
 30297 | Orc:2    | Found Bistrut's General Store.
 30365 | Orc:2    | Lost mutation: Potions and wands are less effective at restoring your health. [evolution]
 30386 | Orc:2    | Found a staircase to the Elven Halls.
 30391 | Orc:2    | Found Anwy's Gadget Shoppe.
 30404 | Orc:2    | Bought a -1 lightning rod (9/9) for 650 gold pieces
 30416 | Orc:2    | Bought a potion of mutation for 37 gold pieces
 30416 | Orc:2    | Gained mutation: You are partially covered in thin metallic scales (AC +2). [potion of mutation]
 30417 | Orc:2    | Bought a scroll of enchant weapon for 112 gold pieces
 30711 | Orc:2    | Learned a level 6 spell: Haste
 30718 | Orc:2    | Learned a level 6 spell: Deflect Missiles
 30722 | Orc:2    | Bought 2 potions of curing for 90 gold pieces
 30722 | Orc:2    | Bought a potion of curing for 45 gold pieces
 30768 | D:13     | Found Noet's Distillery.
 30781 | D:13     | Bought a potion of heal wounds for 75 gold pieces
 30781 | D:13     | Bought a potion of curing for 45 gold pieces
 30781 | D:13     | Bought a potion of curing for 45 gold pieces
 30781 | D:13     | Bought a potion of mutation for 37 gold pieces
 30992 | D:13     | Reached skill level 1 in Unarmed Combat
 31751 | D:13     | Found a gate to the Vaults.
 31801 | D:13     | Reached XP level 16. HP: 96/115 MP: 27/27
 32467 | D:14     | Found a shattered altar of Ashenzari.
 32531 | D:14     | Noticed Nessos
 32553 | D:14     | Killed Nessos
 32810 | D:14     | Slain by a skeletal warrior

Vault maps used:
D:1:      lightli_arrival_lavapool, minmay_fountain_box, minmay_misc_feat_cross
D:2:      bloody_trog
D:3:      grunt_temple_overflow_forces_of_nature, zin_purify,
          fiery_altar_vehumet, first_bread, lightli_sewer_entry_pipes
D:4:      kennysheep_mini, elyvilon_altar_3, serial_shops, shop
D:5:      tso_oasis_becter, lemuel_crystal_altar, led_sif_pool,
          minmay_temple_entry_oklob, serial_shops, nicolae_shop_trees,
          nicolae_dithmenos_the_darkroom, uniq_duvessa, uniq_edmund
D:6:      black_bear_nest_2, grunt_gozag_statues, uniq_crazy_yiuf_cottage
D:7:      uniq_pikel
D:8:      kennysheep_mini_moat, serial_shops, shop, the_bakery, uniq_erica,
          uniq_maurice, uniq_joseph, uniq_psyche
D:9:      grunt_temple_overflow_champion_of_chaos, minmay_misc_feat_hallway,
          uniq_grum
D:10:     dpeg_oklobed_lair, enter_trove_0, tgw_xom
D:11:     minivault_14, minivault_27
D:12:     minmay_triangles_in_corner, orc_david_3, spider_trap
D:13:     grunt_vaults_entry_tiered, serial_shops, nicolae_shop_stone
D:14:     ashenzari_altar_1, uniq_roxanne, uniq_nessos, uniq_louise
Lair:1:   fungi_pond_lemuel, serial_bayou_shore_a
Lair:2:   grunt_forest_stairs_basic, beast_lair_carwin_1, lemuel_fruit_tree,
          serial_bayou_shore_b
Lair:3:   swamp_mist, serial_bayou, serial_bayou_pond_d, serial_bayou_pond_b,
          serial_bayou_crossing, serial_bayou_pond_d
Lair:4:   infiniplex_staircase_pool
Lair:5:   wad_woods_04, grunt_megastairs_2
Lair:6:   guppyfry_snake_entry_island, uniq_josephine, uniq_maud
Lair:8:   minmay_lair_end_enchanted_forest, slime_dummy, st_stairs_7,
          eino_house_with_fridge, uniq_kirke
Orc:1:    basic_altar
Orc:2:    st_orc_open, serial_shops, nicolae_shop_statue_plus,
          portal_ice_cave_entry_ice_beasts, basic_altar
IceCv:    ice_cave_caverns_02

Skill      XL: |  1  2  3  4  5  6  7  8  9 10 11 12 13 14 15 16 |
---------------+-------------------------------------------------+-----
Stealth        | 2 4 5 6 7 8 10 11 12 13 | 13.5
Invocations    | 2 3 4 5 7 8 9 |  9.3
Slings         | 2 4 6 9 10 12 | 12.4
Shields        | 3 5 8 10 12 13 | 13.0
Fighting       | 2 4 6 8 |  8.1
Dodging        | 4 7 8 9 10 | 10.7
Evocations     | 4 6 7 |  7.8
Charms         | 1 4 6 7 |  7.9
Spellcasting   | 1 4 5 7 |  7.4
Unarmed Combat | 2 |  2.1
Short Blades   | |  1.0

Action                   |  1- 3 |  4- 6 |  7- 9 | 10-12 | 13-15 | 16-18 || total
-------------------------+-------+-------+-------+-------+-------+-------++-------
Melee: Unarmed           |    64 |    59 |       |       |     4 |       ||   127
       Whip              |       |    81 |    22 |       |       |       ||   103
       Quarterstaff      |       |       |     3 |    11 |       |       ||    14
       Dagger            |       |       |       |     3 |       |       ||     3
       Scimitar          |       |       |       |       |    49 |    22 ||    71
 Fire: Hunting sling     |       |     3 |   244 |  1098 |  2374 |   176 ||  3895
Invok: Evolution         |       |     2 |     4 |    16 |    33 |     4 ||    59
       Sunlight          |       |       |     1 |     4 |     3 |       ||     8
       Reproduction      |       |       |       |       |     7 |     1 ||     8
Evoke: Wand              |    10 |     5 |     4 |    12 |    14 |     1 ||    46
       Lamp of fire      |       |       |       |     1 |     3 |     1 ||     5
       Sack of spiders   |       |       |       |       |     1 |       ||     1
       Rod               |       |       |       |       |       |     4 ||     4
  Use: Scroll            |     3 |    12 |     4 |    11 |    20 |     1 ||    51
       Potion            |       |     5 |     4 |     6 |     8 |     1 ||    24
 Stab: Sleeping          |     3 |    15 |     5 |     1 |       |       ||    24
       Confused          |       |     2 |       |       |       |       ||     2
       Paralysed         |       |       |     2 |       |       |       ||     2
       Distracted        |       |       |       |       |     2 |       ||     2
  Eat: Chunk             |     2 |       |     9 |     1 |     5 |       ||    17
       Bread ration      |       |     1 |       |       |     4 |       ||     5
       Pizza             |       |     1 |       |     1 |     2 |       ||     4
       Royal jelly       |       |     1 |     1 |     1 |       |       ||     3
       Beef jerky        |       |     1 |     1 |       |     1 |       ||     3
       Meat ration       |       |       |     1 |     5 |     5 |       ||    11
